[Event "4th ESNA Championship 2022"]
[Site "Vaduz"]
[Date "2022.09.25"]
[Round "1.1"]
[White "Berend, Fred"]
[Black "Mizzi, Jack"]
[Result "0-1"]
[ECO "B13"]
[WhiteElo "2300"]
[BlackElo "1863"]
[Annotator "TA"]
[PlyCount "71"]
[EventDate "2022.09.25"]
[EventCountry "LIE"]
[SourceTitle "playchess.com"]
[Source "ChessBase"]
[SourceQuality "1"]
[TimeControl "5400+30"]

1. e4 c6 2. d4 d5 3. exd5 cxd5 4. Bd3 Nc6 5. c3 Qc7 6. h3 Nf6 7. Nf3 g6 8. Na3 {[%emt 0:00:30] 8.Qc2 gains popularity. B13: Caro-Kann: Exchange Variation and Panov-Botvinnik Attack.} Bf5 9. Be2 {[%emt 0:00:30] [#]} Bg7 $146 ({Predecessor:} 9... a6 10. Nc2 Bg7 11. Ne3 Bd7 12. O-O O-O 13. Re1 e6 14. Bd3 b5 15. Ne5 b4 {½-½ (27) Kasimdzhanov,R (2683)-Grigoriants,S (2561) Riadh 2017}) 10. Nc2 {[%emt 0:00:30] The position is equal.} Bxc2 11. Qxc2 O-O 12. Be3 Rac8 13. O-O e6 14. Rfe1 Ne4 15. Qc1 Qb6 16. Bd3 f5 17. Re2 a5 18. Qd1 Qc7 19. g3 e5 (19... Bf6 $14) 20. dxe5 $16 Nxe5 21. Nd4 ({White should try} 21. Nxe5 $16 Qxe5 22. Bf4) 21... Qf7 $11 22. Kg2 Nc4 23. Nf3 b5 24. Bd4 b4 25. Bxg7 Qxg7 26. Bxc4 dxc4 27. Qd5+ Kh8 28. Qxa5 bxc3 29. bxc3 Nxc3 30. Re5 Ne4 31. Rc1 (31. a4 $11) 31... c3 (31... Ra8 $17 32. Qb4 Rxa2) 32. Qa3 Ra8 (32... Rfd8 $5 33. Rc2 Rc7 $17) 33. Ra5 Qb7 34. Kg1 $2 {[%emt 0:00:40][%mdl 8192] [#]} (34. Rb1 $11 Qc8 35. Rxa8 Qxa8 36. Qe7) 34... Qb6 $1 $19 35. Rc2 Qxa5 36. Kg2 {[%emt 0:01:04] Weighted Error Value: White=0.32/Black=0.16 (very precise)} 0-1

[Event "4th ESNA Championship 2022"]
[Site "Vaduz"]
[Date "2022.09.25"]
[Round "1.2"]
[White "Henderson de La Fuente, Lance"]
[Black "Frick, Renato"]
[Result "0-1"]
[ECO "A45"]
[WhiteElo "2504"]
[BlackElo "1875"]
[Annotator "TA"]
[PlyCount "96"]
[EventDate "2022.09.25"]
[EventCountry "LIE"]
[SourceTitle "playchess.com"]
[Source "ChessBase"]
[SourceQuality "1"]
[TimeControl "5400+30"]

1. d4 Nf6 2. Bg5 Ne4 3. Bf4 c5 4. f3 Qa5+ 5. c3 Nf6 6. Nd2 cxd4 7. Nb3 Qb6 8. Qxd4 d6 {[%emt 0:05:27] A45: Trompowsky Attack.} 9. Qxb6 axb6 10. e4 e5 {[%emt 0:05:22] The position is equal.} 11. Be3 Be6 {[%emt 0:01:20] Against Bc4} (11... d5 $11 {is superior.}) 12. Nd2 Nbd7 13. Bb5 Kd8 (13... d5 $1 $11) 14. c4 $16 {[%emt 0:13:48] [#]} Kc7 $146 ({Predecessor:} 14... h5 15. Ne2 g6 16. Bxd7 Nxd7 17. Nc3 Bh6 18. Bxh6 Rxh6 19. h4 Ke7 20. b3 f5 {1-0 (48) Palchun,G (2451)-Bykov,O (2383) St Petersburg 2018}) 15. b4 ({White should try} 15. Ne2 $16) 15... Be7 16. Ne2 Ra3 {[%emt 0:07:06] Against Nc3} 17. Kf2 {[%emt 0:16:52] Nb1 is the strong threat.} Rha8 18. Nc1 $1 Rc8 19. Nb1 Raa8 20. a4 Kd8 21. Na3 h6 (21... Ne8 $11) 22. Nd3 Ne8 23. Nb2 Bg5 24. Rhd1 Bxe3+ 25. Kxe3 Ke7 26. Rd2 Rd8 27. Rad1 (27. Bxd7 $5 Rxd7 28. g4 $11) 27... Rac8 28. Nc2 Ndf6 29. Kd3 (29. Kf2 $14) 29... d5 $1 $15 30. cxd5 {[%emt 0:01:49] [#]} Nxd5 $1 31. exd5 Bf5+ 32. Ke3 {[%emt 0:00:17] aiming for Nc4.} Rxc2 33. Rxc2 Bxc2 34. Rc1 Bb3 35. Nc4 (35. Bxe8 $11 Kxe8 36. Nc4) 35... Bxc4 (35... Rc8 $1 $15 36. Kd2 Bxc4 37. Bxc4 (37. Rxc4 Nc7 $15) 37... Kd6) 36. Bxc4 {[%emt 0:00:34][%mdl 4096] Endgame KRB-KRN} (36. Rxc4 $11 Kd6 37. Bxe8 Rxe8 38. a5) 36... Rc8 $17 37. Rc2 Nf6 {[%emt 0:00:21] Hoping for ...Nxd5+.} 38. d6+ Kxd6 39. Rd2+ Ke7 40. Bb5 ({Better is} 40. Kd3 $15) 40... Rc3+ 41. Kf2 e4 {[%emt 0:00:00] [#] And now ...e3+ would win.} 42. Re2 {[%emt 0:00:15] Inhibits e3+.} Kd6 43. fxe4 {[%emt 0:01:02] Black must now prevent e5+.} Ke5 44. h3 (44. g3 $142) 44... Nxe4+ $19 45. Kg1 f5 46. Rb2 Rc1+ 47. Kh2 f4 {[%emt 0:00:00] ( -> ...Ng3)} 48. Re2 $2 (48. Bd3 {was the crucial defense.} Nc3 49. h4) 48... Kd4 {[%emt 0:00:00] Weighted Error Value: White=0.31/Black=0.15 (very precise)} 0-1

[Event "4th ESNA Championship 2022"]
[Site "Vaduz"]
[Date "2022.09.25"]
[Round "1.3"]
[White "Carpenter, Paul A"]
[Black "Apol, Luitjen Akselsson"]
[Result "1-0"]
[ECO "D53"]
[WhiteElo "1986"]
[BlackElo "2113"]
[Annotator "RC"]
[PlyCount "47"]
[EventDate "2022.09.25"]
[EventCountry "LIE"]
[SourceTitle "playchess.com"]
[Source "ChessBase"]
[SourceQuality "1"]
[TimeControl "5400+30"]

1. d4 Nf6 2. Nf3 d5 3. c4 e6 4. Bg5 Be7 5. Nc3 c6 6. e3 Nbd7 7. Bd3 dxc4 8. Bxc4 b5 9. Bd3 Bb7 10. O-O a6 11. a4 h6 12. Bxf6 Nxf6 13. Rc1 Rc8 14. Ne4 Nxe4 15. Bxe4 Qb6 16. Ne5 Bd6 17. Nd3 O-O 18. b4 f5 19. Bf3 f4 20. Qb3 Rce8 21. a5 Qc7 22. e4 Qd7 23. Rfd1 Rc8 24. e5 1-0

[Event "4th ESNA Championship 2022"]
[Site "Vaduz"]
[Date "2022.09.25"]
[Round "1.4"]
[White "Efimov, Igor"]
[Black "Volpinari, Danilo"]
[Result "0-1"]
[ECO "C47"]
[WhiteElo "2360"]
[BlackElo "1929"]
[Annotator "TA"]
[PlyCount "96"]
[EventDate "2022.09.25"]
[EventCountry "LIE"]
[SourceTitle "playchess.com"]
[Source "ChessBase"]
[SourceQuality "1"]
[TimeControl "5400+30"]

1. e4 e5 2. Nc3 Nf6 3. Nf3 Nc6 4. d4 Bb4 5. d5 Ne7 6. Bd3 Bxc3+ {[%emt 0:02:31] C47: Scotch Four Knights and Four Knights with 4 g3.} 7. bxc3 d6 8. h3 O-O {[%emt 0:05:03] The position is equal.} 9. O-O {[%emt 0:01:04] [#]} h6 $146 ({Predecessor:} 9... Ng6 10. Nh2 h6 11. Ng4 Nxg4 12. hxg4 Qh4 13. f3 Bd7 14. Be3 b6 15. Qd2 a5 {1-0 (50) Gadimbayli,A (2460)-Shukh,N (2467) Chess.com INT 2020}) 10. c4 b6 11. a4 a5 12. Nh2 (12. Nd2 $11) 12... Ng6 13. Ng4 Nf4 14. Nxf6+ Qxf6 15. Bxf4 ({Better is} 15. Re1 $15) 15... exf4 $17 16. Qf3 Re8 17. Kh2 Qh4 18. g4 (18. c5 $142) 18... Re5 (18... Qf6 $142 19. Be2 Bd7) 19. Qxf4 {[%emt 0:02:14] [#]} Rh5 $1 {[%emt 0:04:06][%mdl 64] Pin} 20. Qg3 {[%emt 0:00:11] [#]} Qxg4 21. Qxg4 Bxg4 22. Kg3 Bd7 (22... Bxh3 $2 23. Rh1 $18) 23. h4 g5 {[%emt 0:06:08] Black is more active.} 24. Rh1 (24. hxg5 $142 hxg5 25. f4) 24... Re8 (24... Rxh4 $142 {Strongly threatening ...Rg4+.} 25. Rxh4 gxh4+ 26. Kxh4 Kg7) 25. hxg5 Rxh1 26. Rxh1 hxg5 {[%emt 0:00:07][%mdl 4096] Endgame KRB-KRB} 27. Ra1 ({White should play} 27. f4 $15) 27... Kg7 28. c3 (28. f4 $17 {was worth a try.}) 28... Rh8 $19 29. Kg2 Rh3 30. f3 Kf6 31. Bc2 (31. c5 {was necessary.} bxc5 32. Bb5) 31... Ke5 32. Re1 Kf4 33. Bd1 Rg3+ $2 (33... Rh4 $19 {...f6 is the strong threat.} 34. Bc2 Bh3+ 35. Kf2 Bd7) 34. Kh2 $17 Rh3+ $2 (34... Bc8 $17 35. e5 Rh3+ 36. Kg2 Bf5) 35. Kg2 $19 Ke5 $2 (35... Rh4 $19 36. Bc2 Bh3+ 37. Kf2 g4) 36. Re3 $2 (36. Bc2 $11 {and White stays safe.}) 36... g4 {[%emt 0:00:37] And now ...Kf4 would win.} 37. Re1 gxf3+ 38. Bxf3 Rh4 39. Kg3 Rh3+ 40. Kg2 Kf4 41. Bd1 Rg3+ 42. Kh2 {[%emt 0:00:00] Black must now prevent Rf1+.} Rg7 ({Not} 42... Rh3+ $2 43. Kg2 Rxc3 44. Rf1+ Kxe4 45. Rxf7 Bh3+ 46. Kh2 $19) 43. Kh1 f6 44. Kh2 Bg4 45. Bc2 Rh7+ 46. Kg1 Bf3 {[%emt 0:00:00] ( -> ...Kg3)} 47. Rf1 Rh1+ 48. Kf2 Rh2+ {[%emt 0:00:00] Weighted Error Value: White=0.66/Black=0.37} 0-1

[Event "4th ESNA Championship 2022"]
[Site "Vaduz"]
[Date "2022.09.25"]
[Round "1.5"]
[White "Kirby, Peter J."]
[Black "Michaelides, Konstantinos"]
[Result "1-0"]
[ECO "D11"]
[WhiteElo "2011"]
[BlackElo "2304"]
[Annotator "TA"]
[PlyCount "59"]
[EventDate "2022.09.25"]
[EventCountry "LIE"]
[SourceTitle "playchess.com"]
[Source "ChessBase"]
[SourceQuality "1"]
[TimeControl "5400+30"]

1. d4 d5 2. c4 c6 3. Nf3 Nf6 4. e3 Bg4 5. Nc3 e6 6. h3 Bh5 7. g4 Bg6 8. Nh4 {[%emt 0:00:13] D11: Slav Defence: 3 Nf3 sidelines and 3...Nf6 4 e3 Bg4.} Nbd7 9. Nxg6 hxg6 10. Bd2 {[%emt 0:04:33] The position is equal.} Bd6 (10... Bb4 $11) 11. Qf3 (11. g5 $1 $14) 11... Qe7 {[%emt 0:07:01] [#]} 12. Qg2 $146 ({Predecessor:} 12. g5 Nh5 13. h4 O-O 14. O-O-O dxc4 15. Bxc4 e5 16. d5 Nb6 17. Bb3 cxd5 18. Nxd5 Nxd5 19. Bxd5 {1-0 (32) Volodin,A (2459)-Nadjezhdin,D (2184) St Petersburg 2018}) 12... a6 13. f4 Bb4 14. Bd3 Nb6 (14... dxc4 $11 15. Bxc4 Nb6) 15. c5 Nbd7 16. g5 Ng8 17. Kf2 Qd8 18. a3 Bxc3 19. bxc3 Ne7 20. Rab1 Ra7 (20... b6 $11) 21. Rb2 {[%emt 0:03:41] White has more active pieces. The black rooks are badly placed.} Nf5 22. c4 Qc7 23. cxd5 exd5 (23... cxd5 $16 24. Rhb1 Ke7) 24. h4 $18 Nf8 (24... Ne7 {is a better defense.} 25. Qf3 Rh5) 25. h5 Ne6 $2 {[%emt 0:00:46] [#]} (25... a5 26. Rbb1 Kd8) 26. hxg6 {[%emt 0:06:19] White is clearly winning.} Rxh1 27. gxf7+ ({Less strong is} 27. Qxh1 fxg6 28. Rb1 Qf7 $18) (27. Bxf5 Rh8 $14) 27... Qxf7 28. Qxh1 Nxg5 29. Bxf5 Qxf5 30. Qh5+ {[%emt 0:00:01] Weighted Error Value: White=0.12 (very precise) /Black=0.53} 1-0

[Event "4th ESNA Championship 2022"]
[Site "Vaduz"]
[Date "2022.09.26"]
[Round "2.1"]
[White "Mizzi, Jack"]
[Black "Michaelides, Konstantinos"]
[Result "1-0"]
[ECO "E11"]
[WhiteElo "1863"]
[BlackElo "2304"]
[Annotator "TA"]
[PlyCount "79"]
[EventDate "2022.09.25"]
[EventCountry "LIE"]
[SourceTitle "playchess.com"]
[Source "ChessBase"]
[SourceQuality "1"]
[TimeControl "5400+30"]

1. d4 Nf6 2. c4 e6 3. Nf3 Bb4+ 4. Bd2 Qe7 5. e3 a5 6. Bd3 {[%emt 0:01:38] E11: Bogo-Indian.} Bxd2+ 7. Qxd2 d6 8. e4 {[%emt 0:07:24] [#] The position is equal.} Nc6 $146 ({Predecessor:} 8... e5 9. O-O Bg4 10. Qe3 Bxf3 11. Qxf3 Nc6 12. d5 Nd4 13. Qe3 O-O 14. Nc3 c6 15. dxc6 bxc6 {1-0 (38) Bertrand,F (2200)-Fioramonti,H (2370) France 1998}) 9. Nc3 e5 10. dxe5 (10. Nd5 {is more complex.} Qd8 11. Qc3 exd4 12. Nxd4 Nb4 13. O-O) 10... Nxe5 11. Nxe5 dxe5 12. Nd5 Nxd5 13. cxd5 (13. exd5 {is interesting.} e4 14. O-O-O exd3 15. Rhe1) 13... O-O 14. O-O Bd7 15. Rac1 c6 16. Qe3 Rfd8 17. a3 cxd5 18. exd5 Qd6 19. Rfe1 Rac8 20. Bc4 Bf5 21. Rc3 (21. Qxe5 Qxe5 22. Rxe5 Bd3 $17) 21... f6 22. Rec1 Bg6 23. h4 f5 (23... b6 $11 {keeps the balance.}) 24. Qa7 b6 25. Be2 (25. Bb3 $16 Ra8 26. Qb7) 25... Rxc3 (25... Ra8 $1 $11 26. Qb7 Rab8) 26. Rxc3 $14 {[%emt 0:00:14] aiming for Rc7.} Bf7 $2 (26... Be8 $1 $14) 27. Rc7 $18 Qf6 28. d6 h6 (28... Kf8 $142 29. Qxb6 e4 30. Qxa5 Qxd6) 29. Rd7 $2 ({Less strong is} 29. Qxb6 Rxd6 30. Qxa5 Kh7 $16) (29. d7 $18 {has better winning chances. Hoping for Rc8.} Kh7 30. Rc8) 29... Be6 $16 {[%emt 0:02:11] [#]} 30. Re7 $36 {[%emt 0:04:00][%mdl 2048] And now Qc7 would win. White has strong initiative. White is much more active.} Kh7 $2 (30... Bd5 $16) 31. Qxb6 $18 Rc8 {[%emt 0:01:02] [#] Strongly threatening ...Rc1+.} 32. Rc7 {[%emt 0:00:21] Against Rc1+} ({Wrong is} 32. Qxa5 $2 Rc1+ 33. Bf1 Bc4 $19) 32... Qd8 (32... Rg8 33. d7 Qe7) 33. Qb7 Qf8 34. Rxc8 Bxc8 {[%emt 0:00:12][%mdl 4096] Endgame KQB-KQB} 35. Qc7 Qe8 {[%emt 0:00:25] [#]} 36. Bb5 $1 {[%emt 0:00:23][%mdl 512] Prevents Qd7.} Qxb5 (36... Qf8 37. d7) 37. Qxc8 {[%emt 0:00:07] White mates.} Qd3 38. d7 Qe2 39. d8=Q Qe1+ 40. Kh2 {[%emt 0:00:06] Weighted Error Value: White=0.15 (very precise) /Black=0.63} 1-0

[Event "4th ESNA Championship 2022"]
[Site "Vaduz"]
[Date "2022.09.26"]
[Round "2.2"]
[White "Volpinari, Danilo"]
[Black "Kirby, Peter J."]
[Result "0-1"]
[ECO "B13"]
[WhiteElo "1929"]
[BlackElo "2011"]
[Annotator "TA"]
[PlyCount "78"]
[EventDate "2022.09.25"]
[EventCountry "LIE"]
[SourceTitle "playchess.com"]
[Source "ChessBase"]
[SourceQuality "1"]
[TimeControl "5400+30"]

1. d4 d5 2. Bf4 Nf6 3. e3 c5 4. Nc3 cxd4 5. exd4 a6 6. Nf3 {[%emt 0:04:12] B13: Caro-Kann: Exchange Variation and Panov-Botvinnik Attack.} Nc6 7. Be2 Bg4 8. h3 {[%emt 0:02:36] The position is equal.} Bxf3 9. Bxf3 e6 10. Ne2 Bd6 11. c3 O-O 12. O-O Qc7 13. Bxd6 Qxd6 {[%emt 0:00:02] [#]} 14. Re1 $146 ({Predecessor:} 14. Nc1 b5 15. Nd3 b4 16. Nxb4 Nxb4 17. cxb4 Qxb4 18. Rb1 Rac8 19. a3 Qb6 20. Qd2 {0-1 (60) Halfhide,S (2151)-Laurusas,T (2421) Panevezys 2015}) 14... b5 15. a3 Rab8 16. Nc1 a5 17. b4 Nd7 18. Nd3 Nb6 19. Nc5 Nc4 20. Be2 a4 21. Bd3 Rfe8 22. Qh5 g6 (22... h6 $14 {was preferrable.}) 23. Qh6 $16 e5 (23... f5 $142) 24. Bxc4 bxc4 25. Qd2 (25. dxe5 $16 Nxe5 26. Qd2) 25... exd4 $14 26. cxd4 Rxe1+ 27. Rxe1 Ra8 (27... Na7 $1 $14) 28. Qe3 (28. b5 $16) 28... Qf6 {[%emt 0:02:20] [#]} (28... Qd8 $11 {remains equal.}) 29. Rd1 (29. b5 $1 $16 Nxd4 30. b6) 29... Kg7 30. g3 $2 {[%emt 0:02:46] [#]} (30. b5 $14 {keeps the upper hand.} Ne7 31. b6) 30... Ra7 ({Black should try} 30... Na7 $1 $17) 31. Kg2 Ne7 32. Qf3 (32. Qe5 $14) 32... Qxf3+ $11 33. Kxf3 {[%emt 0:00:03][%mdl 4096] Endgame KRN-KRN} Nf5 {[%emt 0:02:34] Black wants to play ...Nd6.} 34. b5 {[%emt 0:01:09] Threatens to win with g4.} Rc7 {[%emt 0:04:54][%cal Of5d4] ...Nxd4+! is the strong threat.} 35. g4 $2 {[%emt 0:01:36][%mdl 8192] [#]} (35. Nxa4 $11 Ra7 36. Nc5 Rxa3+ 37. Kf4) 35... Nxd4+ $1 $19 36. Rxd4 Rxc5 37. b6 Rb5 38. Ke2 $2 (38. b7 {is more resistant.}) 38... Kf6 {[%emt 0:01:13] White must now prevent ...Ke5.} 39. b7 Ke5 {[%emt 0:01:04] Never resign too early!  Weighted Error Value: White=0.48/Black=0.20 (precise)} 0-1

[Event "4th ESNA Championship 2022"]
[Site "Vaduz"]
[Date "2022.09.26"]
[Round "2.3"]
[White "Apol, Luitjen Akselsson"]
[Black "Efimov, Igor"]
[Result "1-0"]
[ECO "C07"]
[WhiteElo "2113"]
[BlackElo "2360"]
[Annotator "TA"]
[PlyCount "67"]
[EventDate "2022.09.25"]
[EventCountry "LIE"]
[SourceTitle "playchess.com"]
[Source "ChessBase"]
[SourceQuality "1"]
[TimeControl "5400+30"]

1. e4 e6 2. d4 d5 3. Nd2 c5 4. Ngf3 cxd4 5. Nxd4 Nf6 6. exd5 Nxd5 7. N2f3 {[%emt 0:07:09] C07: French Tarrasch: 3...c5, 4 Ngf3 and 4 exd5 Qxd5.} Bc5 8. c3 {[%emt 0:11:38] [#]} O-O $146 ({Predecessor:} 8... Qb6 9. Bc4 O-O 10. Bxd5 exd5 11. O-O Bg4 12. Nb3 Rd8 13. Nxc5 Qxc5 14. Qd4 Qxd4 15. Nxd4 {½-½ (30) Nihal,S (2507)-Erigaisi,A (2359) Ahmedabad 2017}) 9. Bd3 {[%emt 0:00:33] The position is equal.} Nd7 10. O-O N7f6 11. Bg5 b6 12. Re1 Bb7 13. Qd2 Rc8 (13... Qc7 $14) 14. a3 $16 {[%emt 0:03:23] White has more active pieces.} Re8 15. Bb5 (15. Rad1 $5 ) 15... Rf8 16. Bd3 Re8 $1 17. Bb5 (17. Rad1 $1 $16) 17... Rf8 $14 18. Rad1 {[%emt 0:00:34] next Ne5 is good for White.} a6 19. Bd3 {[%emt 0:00:19] c4 is the strong threat.} b5 20. Bb1 Be7 (20... Qc7 $11) 21. Qd3 g6 22. Ne5 ({White should play} 22. Ba2 $14) 22... Nd7 $2 (22... Ng4 $11 {and Black is okay.} 23. Bxe7 Nxe5 24. Bxd8 Nxd3 25. Bxd3 Rfxd8) 23. Nxg6 $1 $18 fxg6 (23... hxg6 {keeps fighting.} 24. Nxe6 Bxg5 25. Nxd8 Rfxd8) 24. Nxe6 Qb6 25. Nxf8 {[%emt 0:01:13] Really sharp!} Rxf8 26. Ba2 $1 Bxg5 (26... Qxf2+ $142 27. Kh1 Bxg5 28. Bxd5+ Kg7) 27. Bxd5+ Kg7 28. Bxb7 Qxf2+ 29. Kh1 Nc5 30. Qd5 Rf5 {[%emt 0:00:21] [#]} 31. Qc6 (31. Qd4+ $1 $18 Bf6 32. Qd2) 31... Nd3 $2 32. Qd7+ {[%emt 0:00:08] White is clearly winning.} (32. Re8 $2 {[#] leads to mate.} Qf1+ $3 33. Rxf1 Rxf1#) 32... Rf7 33. Qxd3 {[%emt 0:00:18] And now Rf1 would win.} Rxb7 34. Qd5 {[%emt 0:00:51] Against Qc5.  Weighted Error Value: White=0.22 (precise) /Black=0.27 (precise)} 1-0

[Event "4th ESNA Championship 2022"]
[Site "Vaduz"]
[Date "2022.09.26"]
[Round "2.4"]
[White "Frick, Renato"]
[Black "Carpenter, Paul A"]
[Result "1-0"]
[ECO "C41"]
[WhiteElo "1875"]
[BlackElo "1986"]
[Annotator "TA"]
[PlyCount "76"]
[EventDate "2022.09.25"]
[EventCountry "LIE"]
[SourceTitle "playchess.com"]
[Source "ChessBase"]
[SourceQuality "1"]
[TimeControl "5400+30"]

1. e4 d6 2. d4 Nf6 3. Nc3 Nbd7 4. Nf3 e5 5. Bc4 Be7 6. Ng5 O-O 7. Bxf7+ Rxf7 8. Ne6 Qe8 9. Nxc7 Qd8 10. Nxa8 b6 11. O-O {[%emt 0:21:55] C41: Philidor Defence.} ({White should try} 11. f3 $11) 11... Ba6 $15 12. Re1 (12. dxe5 Nxe5 13. Re1 (13. f4 Bxf1 14. fxe5 Ne8 $15) 13... Qxa8) 12... Qxa8 13. d5 {[%emt 0:04:28] The position is equal.} Qc8 14. Be3 Nf8 15. f3 {[%emt 0:06:08] [#]} h6 $146 ({Black should play} 15... g5 $15) ({Predecessor:} 15... Nh5 16. Qd2 Nf4 17. a4 N8g6 18. Kh1 Nh4 19. Bxf4 Rxf4 20. Nb5 Qd7 21. c4 Ng6 {1-0 (60) Ranaivoharisoa,A (2061)-Damey,L (1952) St Denis 2008}) 16. Ne2 (16. a4 $11) 16... Bxe2 (16... Nh5 $15) 17. Qxe2 $11 g5 18. Rf1 Ng6 19. g3 Rg7 20. Kh1 $1 g4 21. fxg4 Nxe4 22. Qf3 (22. Rf5 $14) 22... Ng5 {[%emt 0:16:31] Pair of Knights!} 23. Qf5 Qc4 24. Qd3 (24. Rad1 $14) 24... Qxg4 $15 {[%emt 0:00:32] aiming for ...e4.} 25. Bxg5 Bxg5 26. Rae1 {[%emt 0:00:36] Inhibits e4.} Ne7 27. Re4 Qh3 {[%emt 0:00:18] Strongly threatening ...Nf5.} 28. c4 $2 ({Better is} 28. Ree1 $15) 28... Nf5 $19 29. Ree1 (29. Rxf5 $142 Qxf5 30. b3) 29... Rf7 $2 (29... e4 30. Qb3 Bd2 31. Rxf5 Bxe1) 30. Kg1 $2 {[%emt 0:01:10] [#]} (30. Rf3) 30... h5 $2 (30... Nh4 31. Qe2 Nf5 32. Qf3 $17) (30... Ne3 $1 31. Qe2 (31. Qg6+ Kh8) 31... Nxf1) 31. Rf3 Nh4 $2 32. gxh4 $11 {[%emt 0:00:30] Really sharp!} Rxf3 33. Qg6+ Kf8 $1 34. Qxg5 Rf4 {[%emt 0:00:13] [#] Hoping for ...Rg4+.} (34... Rf7 $5 35. Qd8+ $8 Kg7 36. Qg5+ (36. Qxd6 Qg4+ 37. Kh1 Qf3+ 38. Kg1 Qf2+ 39. Kh1 Qxe1+ 40. Kg2 Qf1+ 41. Kg3 Rf3#) 36... Kf8 37. Qd8+ Kg7 38. Qg5+ (38. Qxd6 Qg4+ 39. Kh1 Qf3+ 40. Kg1 Qf2+ 41. Kh1 Qxe1+ 42. Kg2 Qf1+ 43. Kg3 Rf3#) 38... Kf8 $11) 35. Qd8+ Kf7 36. Qc7+ Kg6 {[%emt 0:00:40] ( -> ...Qg4+)} (36... Kg8 $5 37. Qd8+ $8 Kf7 38. Qc7+ Kg8 39. Qd8+ Kf7 $11) 37. Qxd6+ Kh7 $2 (37... Rf6 $2 38. Qxe5 Qxh4 39. Re2 $18) (37... Kf7 $11 {and Black stays safe.} 38. Qc7+ (38. Qxe5 $2 Rg4+ 39. Qg3 Rxg3+ 40. hxg3 Qxg3+ 41. Kf1 Qf3+ 42. Kg1 Qg4+ 43. Kf1 Qxc4+ 44. Kg1 Qxa2 $19) 38... Kg6 39. Qd6+ (39. Qxe5 $2 Rg4+ 40. Qg3 Rxg3+ 41. hxg3 Qxg3+ 42. Kf1 Qf3+ 43. Kg1 Qg4+ 44. Kf1 Qf3+ 45. Kg1 Qg4+ 46. Kf1 Qxc4+ 47. Kg1 Qxa2 $19) 39... Kf7 40. Qc7+ (40. Qxe5 $2 Rg4+ 41. Qg3 Rxg3+ 42. hxg3 Qxg3+ 43. Kf1 Qf3+ 44. Kg1 Qg4+ 45. Kf1 Qxc4+ 46. Kg1 Qxa2 $19) 40... Kg6 41. Qd6+ (41. Qxe5 $2 Rg4+ 42. Qg3 Rxg3+ 43. hxg3 Qxg3+ 44. Kf1 Qf3+ 45. Kg1 Qg4+ 46. Kf1 Qxc4+ 47. Kg1 Qxa2 $19)) 38. Qe7+ $18 (38. Qxe5 $2 Rg4+ 39. Qg3 (39. Kf2 $2 Rg2+ 40. Kf1 Qf3#) 39... Rxg3+ 40. hxg3 Qxg3+ 41. Kf1 Qf3+ 42. Kg1 Qg4+ 43. Kf1 Qxc4+ 44. Kg1 Qd4+ 45. Kg2 Qxd5+ 46. Kg1 Qd4+ 47. Kf1 Qxh4 $19) 38... Kh8 $2 {[%emt 0:00:30] What a bad dream for Black.  Weighted Error Value: White=0.69/Black=0.61} (38... Kg6 $18 39. Qe8+ (39. Qxe5 Rg4+ 40. Qg3 Rxg3+ 41. hxg3 Qxg3+ 42. Kf1 Qf3+ 43. Kg1 Qg4+ 44. Kf1 Qxc4+ 45. Kg2 Qxd5+ 46. Kg3 Qd3+ 47. Kg2 Qd2+ 48. Kf1 Qf4+ 49. Ke2 Qe4+ 50. Kd2 Qb4+ 51. Ke2 Qxb2+ 52. Ke3 Qe5+ 53. Kf2 Qf4+ 54. Ke2 Qc4+ 55. Kf3 Qg4+ 56. Ke3 Qe6+ 57. Kf2 Qxa2+ 58. Kg1 Qc4 $19) (39. Qg5+ Kf7 $16) 39... Kh7 40. Qxh5+ Kg8 41. Qe8+ (41. Qxe5 $2 Rg4+ 42. Qg3 Rxg3+ 43. hxg3 Qxg3+ 44. Kf1 Qf3+ 45. Kg1 Qg4+ 46. Kf1 Qxc4+ 47. Re2 Qxa2 $19) 41... Kh7 42. Qe7+ (42. Qxe5 $2 Rg4+ 43. Qg3 Rxg3+ 44. hxg3 Qxg3+ 45. Kf1 Qf3+ 46. Kg1 Qg4+ 47. Kf1 Qxc4+ 48. Re2 Kg6 $19) 42... Kg8 43. Qe6+ (43. Qxe5 $2 Qg4+ 44. Kh1 Qf3+ 45. Kg1 Rg4+ 46. Qg3 Rxg3+ 47. hxg3 Qxg3+ 48. Kf1 Qf3+ 49. Kg1 Qg4+ 50. Kf1 Qf3+ 51. Kg1 Qg4+ 52. Kf1 Qxc4+ 53. Re2 Qxa2 $19) (43. Qxa7 $2 Rg4+ 44. Kf2 Rg2+ 45. Kf1 Qf3#) (43. Qg5+ Kf7 $16) 43... Qxe6 44. dxe6 Rxh4) 1-0

[Event "4th ESNA Championship 2022"]
[Site "Vaduz"]
[Date "2022.09.26"]
[Round "2.5"]
[White "Berend, Fred"]
[Black "Henderson de La Fuente, Lance"]
[Result "1/2-1/2"]
[ECO "C54"]
[WhiteElo "2300"]
[BlackElo "2504"]
[Annotator "RC"]
[PlyCount "55"]
[EventDate "2022.09.25"]
[EventCountry "LIE"]
[SourceTitle "playchess.com"]
[Source "ChessBase"]
[SourceQuality "1"]
[TimeControl "5400+30"]

1. e4 e5 2. Nf3 Nc6 3. Bc4 Bc5 4. c3 Nf6 5. d4 exd4 6. e5 d5 7. Bb5 Ne4 8. cxd4 Bb6 9. Be3 O-O 10. Nc3 Ba5 11. Rc1 f5 12. exf6 Qxf6 13. Qb3 Ne7 14. Bd3 Bf5 15. Ne5 Bxc3+ 16. bxc3 Nc5 17. dxc5 Qxe5 18. Be2 Be4 19. O-O Bxg2 20. Kxg2 Qe4+ 21. Kg1 Qg6+ 22. Kh1 Qe4+ 23. Kg1 Rf6 24. Bh5 Rg6+ 25. Bxg6 Qg4+ 26. Kh1 Qf3+ 27. Kg1 Qg4+ 28. Kh1 1/2-1/2